← All builds
Tech / Armada / Economy first / OBSERVED BUILD

Standard tech

Armada Tech (Eco) build order · Supreme Isthmus

Rushes T2 factory and T2 constructor early, upgrades team mexes, and supplies the team with T2 constructors while transitioning into eco and defensive units.

Usually first T2 con to Geo (82%)

#t2 #eco #team support · 1791 distinct matches · 273 players · 60% of Armada Tech games · team won 54% of 2118 · Recently observed

HOW TO PLAY IT

Key timing: T2 factory by 4:15

  1. Open 3 mex and heavy wind to fund a fast T2 rush.
  2. Put down Bot Lab, planning to eat it for reclaim soon after.
  3. Get Advanced Bot Lab up, hitting the T2 factory rush timing.
  4. Upgrade mex to Advanced Metal Extractor to lock in team metal income.
  5. Eat Advanced Bot Lab and keep sending cons to Geo and Pond.

Phase by phase

TYPICAL OF ITS 1791 GAMES
  1. 1
  2. 2
  3. 3
  4. 4
PLAY THE OPENING

Follow the example game's first 6:00 step by step: what to build now, what comes next, and where it goes. At 1× it keeps pace with your own game.

  1. 1

    Up to the Bot Lab

    Economy
    • Metal Extractor3Mex
    • Wind Turbine4Wind
    Order
    1. Bot LabBot Lab after 3 mex, 4 winddone ~1:18, middle half 1:13–1:32

    Some games also: energy storage (32%)

    By 1:01 in all: 3 mex · 4 wind

    The example game in this phase · 6 steps
    1. Mex ×2
    2. Wind
    3. Mex
    4. Wind ×3
    5. Energy storage
    6. Bot LabBot Labdone 1:30 · typical 1:18
  2. 2

    Bot Lab to Advanced Bot Lab

    Economy
    • Metal Extractor1Mex
    • Wind Turbine8Wind
    • Energy Storage1Energy storage
    Order
    1. Advanced Bot LabAdvanced Bot Lab after 4 mex, 12 wind, 3 con turretdone ~4:16, middle half 4:04–4:30
    Builders
    • Construction Turret3 Con turret
    • Lazarus3 Lazarus
    • Construction Bot2 Con bot
    • Construction Bot1 Con bot for allies

    Some games also: converter (36%)

    By 3:18 in all: 4 mex · 12 wind · 1 energy storage · 3 con turret

    The example game in this phase · 11 steps
    1. Construction BotCon bot
    2. LazarusLazarus ×2
    3. Construction BotCon bot
    4. Mex
    5. LazarusLazarus
    6. Con turret
    7. Solar
    8. Wind
    9. Con turret ×2
    10. Wind ×2
    11. Advanced Bot LabAdvanced Bot Labdone 4:20 · typical 4:16
  3. 3

    Advanced Bot Lab to 5:00

    Economy
    • Wind Turbine3Wind
    Order
    1. Bot LabEat Bot Lab
    Builders
    • Advanced Construction Bot1 T2 con bot for allies

    Some games also: converter (35%)

    By 5:00 in all: 4 mex · 15 wind · 1 converter · 1 energy storage · 3 con turret

    The example game in this phase · 15 steps
    1. Wind ×5
    2. Bot LabEat Bot Labreclaimed for its metal
    3. Wind
    4. Converter
    5. Energy storage
    6. Converter
    7. Wind
    8. Converter
    9. Advanced Construction BotT2 con botfor Geo
    10. Converter
    11. Wind
    12. Converter
    13. Advanced Metal ExtractorT2 mexdone 5:13 · typical 5:28
    14. Converter
    15. Wind
  4. 4

    5:00 to 10:00

    Economy
    • Wind Turbine43Wind
    • Energy Converter6Converter
    Builders
    • Butler9 Butler
    • Advanced Construction Bot4 T2 con bot for allies
    • Advanced Construction Bot1 T2 con bot

    Some games also: con turret (42%) · Butler for allies (36%)

    By 10:00 in all: 4 mex · 59 wind · 8 converter · 1 energy storage · 3 con turret

    The example game in this phase · 215 steps
    1. Converter
    2. Advanced Construction BotT2 con botfor Air
    3. Wind
    4. Converter ×2
    5. Advanced Metal ExtractorT2 mex
    6. Wind
    7. Advanced Metal ExtractorT2 mex
    8. Wind ×2
    9. Advanced Construction BotT2 con botfor Geo sea
    10. ButlerButler ×2
    11. Wind
    12. Advanced Metal ExtractorT2 mex
    13. Con turret
    14. Advanced Construction BotT2 con bot ×2for Beach sea
    15. Con turret
    16. Wind
    17. ButlerButler ×2
    18. Wind
    19. ButlerButler
    20. Wind
    21. ButlerButler
    22. Wind
    23. ButlerButler
    24. SprinterSprinter
    25. Wind
    26. ButlerButler
    27. Wind ×2
    28. ButlerButler
    29. Wind ×2
    30. ButlerButler
    31. Wind
    32. Wind
    33. ButlerButler
    34. Con turret
    35. Wind ×2
    36. ButlerButler
    37. Wind
    38. ButlerButler
    39. Wind
    40. Wind
    41. ButlerButler
    42. Wind ×2
    43. Con turret
    44. Wind
    45. Converter
    46. ButlerButler
    47. Wind ×2
    48. Converter
    49. Wind
    50. ButlerButler
    51. Wind ×2
    52. Con turret
    53. Converter
    54. Wind
    55. Advanced Construction BotT2 con botfor Beach sea
    56. Converter
    57. Wind ×4
    58. Converter
    59. Wind
    60. Converter
    61. Wind ×2
    62. ButlerButler
    63. Wind ×2
    64. Converter
    65. Wind
    66. Converter
    67. Wind
    68. ButlerButler
    69. Wind ×2
    70. ButlerButler
    71. Wind
    72. Converter ×2
    73. Wind ×3
    74. ButlerButler
    75. Wind
    76. Converter ×2
    77. Wind ×6
    78. Converter
    79. Metal storage
    80. Converter
    81. Wind ×4
    82. Advanced Construction BotT2 con bot
    83. Converter ×2
    84. Wind ×2
    85. Converter
    86. Wind ×2
    87. Converter
    88. Wind
    89. Converter ×2
    90. Wind ×2
    91. Converter ×2
    92. Wind ×2
    93. Converter
    94. Wind ×3
    95. Aircraft PlantAircraft Plantdone 11:11
    96. Converter
    97. Wind
    98. Converter
    99. Wind
    100. Converter
    101. Wind
    102. Converter
    103. Con turret
    104. Converter ×2
    105. Wind ×3
    106. Advanced Bot LabEat Advanced Bot Labreclaimed for its metal
    107. Aircraft PlantAircraft Plantdone 11:22
    108. Converter
    109. StormbringerBomber
    110. Wind
    111. Converter
    112. Con turret
    113. StormbringerBomber
    114. Converter
    115. Wind
    116. Bot LabBot Labdone 11:33
    117. StormbringerBomber ×2
    118. Bot LabBot Labdone 11:36
    119. StormbringerBomber
    120. Converter
    121. Wind
    122. StormbringerBomber
    123. Converter
    124. StormbringerBomber ×2
    125. Wind
    126. PawnPawn ×2
    127. Converter
    128. StormbringerBomber ×2
    129. PawnPawn ×2
    130. Wind
    131. StormbringerBomber
    132. Converter
    133. StormbringerBomber
    134. Converter
    135. PawnPawn ×3
    136. Converter
    137. PawnPawn
    138. Converter
    139. StormbringerBomber ×2
    140. PawnPawn ×2
    141. Converter ×2
    142. PawnPawn ×2
    143. StormbringerBomber ×2
    144. PawnPawn ×2
    145. Converter ×2
    146. PawnPawn ×2
    147. StormbringerBomber
    148. PawnPawn ×2
    149. Converter ×3
    150. StormbringerBomber
    151. Converter
    152. PawnPawn ×2
    153. Converter
    154. Wind
    155. StormbringerBomber
    156. Wind ×3
    157. PawnPawn ×2
    158. Converter ×2
    159. Wind
    160. StormbringerBomber
    161. PawnPawn ×2
    162. Converter
    163. StormbringerBomber
    164. Wind
    165. PawnPawn
    166. Converter
    167. PawnPawn
    168. FalconFighter
    169. Converter
    170. Wind ×2
    171. StormbringerBomber
    172. PawnPawn
    173. Wind
    174. PawnPawn
    175. Converter ×2
    176. FalconFighter
    177. Wind
    178. StormbringerBomber
    179. Wind
    180. PawnPawn ×2
    181. Wind
    182. Converter
    183. Wind
    184. Converter
    185. FalconFighter
    186. StormbringerBomber
    187. PawnPawn ×2
    188. Wind ×2
    189. Converter
    190. StormbringerBomber
    191. Wind
    192. PawnPawn
    193. BeamerBeamer
    194. Wind ×2
    195. Converter
    196. FalconFighter
    197. Wind
    198. PawnPawn
    199. Wind
    200. PawnPawn
    201. Wind
    202. FalconFighter ×2
    203. Wind
    204. PawnPawn
    205. Wind ×4
    206. PawnPawn
    207. Wind ×3
    208. PawnPawn
    209. Wind ×2
    210. FalconFighter ×8
    211. Construction AircraftCon aircraft ×2
    212. Wind ×5
    213. PawnPawn
    214. Wind
    215. Con turret

Counts are medians over the build's games: half of them build more, half fewer. The example game is RiskyDonut's (32 OS, 16/10/2026); pick another.

Team trades

IN AT LEAST 30% OF ITS GAMES

You hand over

  • Construction Bot1 Con bot to Airfirst at 2:23 · in 83% of games
  • Advanced Construction Bot5 T2 con bot to Air or Geo sea or Pondfirst at 4:51 · in 99% of games
  • Butler2 Butler to Geo sea or Beach sea or Pondfirst at 9:06 · in 42% of games

You get

  • Hercules1 Light transport from Airfirst at 4:01 · in 86% of games

How it plays out

Typical game of this build, running totals by minute

Metal produced

020k40k
0:005:0010:0015:00

metal

Enemy metal destroyed

050100
0:005:0010:0015:00

metal

Own metal lost

050100150
0:005:0010:0015:00

metal

2118 games.

Show as table
ByMetal produced: This buildEnemy metal destroyed: This buildOwn metal lost: This build
1:0038300
2:0091500
3:00165600
4:00314900
5:00484700
6:00580700
7:00724800
8:00908800
9:001121700
10:001354500
11:001626000
12:001968100
13:002346900
14:0027368074
15:003159092130
WHAT THE NUMBERS SAY

Standard Tech play barely fights at all early, instead pouring metal into T2 infrastructure and constructors for the team.

  • + Metal produced hits 31679 by 15:00, by far the highest of any role here.
  • + T2 factory reached in 97% of games by 4:15, fastest and most reliable T2 timing.
  • − Enemy metal destroyed stays at 0 through 10:00, no early offense at all.
  • − Own metal lost also near 0, showing total avoidance of combat risk.
THE EXAMPLE YOU ARE READING

RiskyDonut

31.9 OS · 16/10/2026

Open source match ↗

2 received units
942 metal received · 83218 energy received

Allied construction assistance is unknown. Timings are observations, not a promise of solo reproducibility.

Typical milestones

Bot Lab1:18Middle 50%: 1:13–1:32 · n=2118
Advanced Bot Lab4:16Middle 50%: 4:04–4:30 · n=2111
Advanced Metal Extractor5:28Middle 50%: 5:05–5:58 · n=2114

Played most by

Amrissa97games of this buildTheGeneraI70games of this buildAdeus62games of this buildUncle_Cane60games of this buildCrouxy54games of this build